 Dungeon Crawl Stone Soup version 0.30-a0-1158-gd85ba11b5a (webtiles) character file.

Game seed: 10080685085105217535

62 graymark the Trooper (level 4, -2/42 HPs)
             Began as a Naga Berserker on Apr 25, 2023.
             Was a Believer of Trog.
             Succumbed to a goblin's poison
             ... on level 2 of the Dungeon.
             The game lasted 00:03:36 (1058 turns).

graymark the Trooper (Naga Berserker)               Turns: 1058, Time: 00:03:36

Health: -2/42      AC:  2    Str: 21    XL:     4   Next: 8%
Magic:  4/4        EV: 10    Int:  7    God:    Trog [**....]
Gold:   22         SH:  0    Dex: 11    Spells: 3/3 levels left

rFire   . . .        a - +0 hand axe
rCold   . . .        (no shield)
rNeg    . . .        b - +0 animal skin
rPois   +            (no helmet)
rElec   .            (no cloak)
rCorr   .            (no gloves)
SInv    +            (no barding)
Will    .....        (no amulet)
Stlth   ++           (no ring)
HPRegen 0.27/turn    (no ring)
MPRegen 0.09/turn

%: no passive effects
@: lethally poisoned (-2 -> -15), on berserk cooldown, slowed, very slow
A: AC +1, large, see invisible, deformed body, poison resistance, slowness 2,
spit poison 1, naga tail 1
a: Spit Poison, Renounce Religion, Berserk, Trog's Hand


You were on level 2 of the Dungeon.
You worshipped Trog.
Trog was pleased with you.
You visited 1 branch of the dungeon, and saw 2 of its levels.

You collected 22 gold pieces.

Inventory:

Hand Weapons
 a - a +0 hand axe (weapon)
Missiles
 f - 7 stones
Armour
 b - a +0 animal skin (worn)
 g - a +0 ring mail
Jewellery
 h - an amulet of regeneration
Scrolls
 c - a scroll of identify
 d - a scroll of vulnerability {unknown}
Potions
 e - a potion of haste


   Skills:
 * Level 3.4 Fighting
 * Level 3.4 Axes
 * Level 2.2 Armour
 * Level 2.1 Dodging
 + Level 1.4 Stealth


You had 3 spell levels left.
You didn't know any spells.
Your spell library was empty.

Dungeon Overview and Level Annotations

Branches:
Dungeon (2/15)

Altars:


Innate Abilities, Weirdness & Mutations

Your serpentine skin is tough. (AC +1)
You have supernaturally acute eyesight. (SInv)
Armour fits poorly on your strangely shaped body.
Your system is resistant to poisons. (rPois)
You cover ground very slowly.
You can spit poison.
You have a snake-like lower body.


Message History

You are too injured to fight recklessly!
You are too injured to fight recklessly!
You barely miss the goblin.
The goblin is moderately wounded.
You barely miss the goblin. You hit the hobgoblin. The hobgoblin hits you.
The goblin hits you but does no damage.
The goblin hits you with a +1 dagger of venom.
Unknown command.
You hit the goblin.
The goblin is severely wounded.
You barely miss the goblin. You hit the hobgoblin.
You kill the hobgoblin!
Trog accepts your kill. The goblin hits you but does no damage.
The goblin hits you with a +0 club.
The goblin hits you with a +1 dagger of venom.
You are poisoned.
The goblin closely misses you.
You miss the goblin.
The goblin is severely wounded.
You hit the goblin.
You kill the goblin!
Trog accepts your kill.
You feel very sick.
The goblin hits you with a +1 dagger of venom.
* * * LOW HITPOINT WARNING * * *
You are lethally poisoned!
The goblin hits you but does no damage.
You are more poisoned.
Okay, then.
Unknown command.
Unknown command.
You closely miss the goblin.
The goblin is severely wounded.
* * * LOW HITPOINT WARNING * * *
You feel extremely sick. The goblin misses you.
Unknown command.
You completely miss the goblin.
The goblin is severely wounded.
You die... ..#..# ..#..# ..... # #.#.### #.......## #####.#......## ggggg..........

##).....# #.@g...##
#)#.......
#######'##....##
#......).####.## #####
#........# #... ....#
#........# #.## ...##
#........####..## .....
#........#......###.#.#
#..........####...#.#.###


You could see a goblin.

Vanquished Creatures
  Robin (D:2)
  A dart slug (D:1)
  4 endoplasms (D:1)
  4 giant cockroaches
  6 goblins
  8 hobgoblins
  4 jackals (D:1)
  A quokka (D:2)
  3 ball pythons
  2 bats (D:1)
  A frilled lizard (D:1)
  4 kobolds (D:1)
  3 rats (D:1)
42 creatures vanquished.

Notes
Turn   | Place    | Note
-------+----------+-------------------------------------------
     0 | D:1      | graymark the Naga Berserker began the quest for the Orb.
     0 | D:1      | Reached XP level 1. HP: 21/21 MP: 1/1
   182 | D:1      | Reached XP level 2. HP: 15/28 MP: 2/2
   323 | D:1      | Reached skill level 1 in Stealth
   385 | D:1      | Reached XP level 3. HP: 30/34 MP: 3/3
   583 | D:1      | Found a faded altar of an unknown god.
  1029 | D:2      | Noticed Robin
  1033 | D:2      | Reached ** piety under Trog
  1044 | D:2      | Killed Robin
  1045 | D:2      | Reached XP level 4. HP: 42/42 MP: 4/4
  1057 | D:2      | HP: 1/42 [poisoned by a goblin]
  1058 | D:2      | Succumbed to a goblin's poison

Illustrated notes

Levels and vault maps discovered:
D:1:      saegor_arrival_simple_a, layout_basic,
          shapermc_ecumenical_altar_mp_vishouse
D:2:      layout_basic, minmay_cupped, uniq_robin

Skill      XL: |  1  2  3 |
---------------+----------+-----
Stealth        | 1 |  1.4
Armour         | 2 |  2.2
Dodging        | 2 |  2.1
Fighting       | |  3.4
Axes           | |  3.4

Action                     |  1- 3 |  4- 6 || total
---------------------------+-------+-------++-------
  Melee: Hand axe          |   108 |    10 ||   118
         Punch             |     1 |       ||     1
 Invoke: Berserk           |     2 |       ||     2
    Use: Scroll            |     1 |       ||     1
   Stab: Sleeping          |     1 |       ||     1
 Armour: Animal skin       |    24 |     4 ||    28
  Dodge: Dodged            |    56 |     5 ||    61

Table legend: (Time is in decaauts)
 A = Elapsed time spent in this place.
 B = Non-inter-level travel time spent in this place.
 C = Inter-level travel time spent in this place.
 D = Time resting spent in this place.
 E = Time spent auto-exploring this place.
 F = Levels seen in this place.
 G = Mean time per level.
                   A        B        C        D        E       F      G
               +--------+--------+--------+--------+--------+-----+--------+
         Total |   1351 |   1213 |    138 |      0 |    915 |   2 |  675.5 |
       Dungeon |   1351 |   1213 |    138 |      0 |    915 |   2 |  675.5 |
               +--------+--------+--------+--------+--------+-----+--------+

Top non-repeatable levels by time:
     D:1: 1156 daAuts
     D:2: 194 daAuts
